 Dungeon Crawl Stone Soup version 0.17-a0-627-g5cb7d3e (webtiles) character file.

161 McCoppin the Sneak (level 5, 31/31 HPs)
             Began as an Octopode Earth Elementalist on Apr 9, 2015.
             Quit the game on level 3 of the Dungeon on Apr 16, 2015.
             The game lasted 00:10:30 (4353 turns).

McCoppin the Sneak (Octopode Earth Elementalist)    Turns: 4353, Time: 00:10:30

Health: 31/31      AC:  1    Str:  8    XL:     5   Next: 42%
Magic:  8/8        EV: 12    Int: 20    God:
Gold:   182        SH:  0    Dex: 13    Spells: 2 memorised, 5 levels left

rFire  + . .     SeeInvis .     b - 55 stones
rCold  . . .     Clarity  .     (no shield)
rNeg   . . .     SustAb   .     (helmet restricted)
rPois  .         Gourm    .     (no amulet)
rElec  .         Spirit   .     l - +3 ring of intelligence
rCorr  .         Warding  .     o - ring of protection from fire
rMut   .         Stasis   .     (no ring)
MR     .....                    (no ring)
Stlth  ++++......               (no ring)
                                (no ring)
                                (no ring)
                                (no ring)

@: not resistant to hostile enchantments, stealthy
A: almost no armour, amphibious, 8 rings, constrict 8, camouflage 1, gelatinous
body 1
a: no special abilities


You were on level 3 of the Dungeon.
You were near starving.

You visited 1 branch of the dungeon, and saw 4 of its levels.

You collected 182 gold pieces.

Inventory:

Missiles
 b - 55 stones (in tentacle)
Jewellery
 l - a +3 ring of intelligence (left tentacle)
 o - a ring of protection from fire (right tentacle)
Scrolls
 e - a scroll of blinking
 f - a scroll of remove curse {unknown}
 j - a scroll of fear {unknown}
 r - a scroll of enchant weapon {unknown}
 s - a scroll of noise
Potions
 a - 3 potions of brilliance {unknown}
 c - a potion of lignification {unknown}
 h - 4 potions of curing
 k - a potion of ambrosia {unknown}
 m - 2 potions of poison {unknown}
 n - a potion of mutation
 p - a potion of restore abilities {unknown}
 t - a potion of might {unknown}
Books
 d - a book of Geomancy

   Spells                             Type                      Level
   a - Sandblast                      Earth                        1
   b - Stoneskin                      Transmutation/Earth          2
   c - Passwall                       Transmutation/Earth          3
   d - Stone Arrow                    Conjuration/Earth            3
   e - Petrify                        Transmutation/Earth          4
   f - Lee's Rapid Deconstruction     Earth                        5
Comestibles
 g - a slice of pizza


   Skills:
 - Level 2.0 Dodging
 + Level 4.7 Stealth
 * Level 4.0 Unarmed Combat
 - Level 2.0 Spellcasting
 - Level 1.0 Transmutations
 - Level 3.0 Earth Magic


You had 5 spell levels left.
You knew the following spells:

 Your Spells              Type           Power        Failure   Level  Hunger
a - Sandblast             Erth           ##....       4%          1    #......
b - Stoneskin             Trmt/Erth      ##......     12%         2    ##.....


Dungeon Overview and Level Annotations

Branches:
Dungeon (4/15)
 Temple: D:4-7

Altars:
Gozag
Nemelex Xobeh
Qazlal
Xom
Yredelemnul


Innate Abilities, Weirdness & Mutations

You cannot wear most types of armour.
You are amphibious.
You can wear up to eight rings at the same time.
You can use your tentacles to constrict eight enemies at once.
Your skin changes colour to match your surroundings (Stealth).
Your rubbery body absorbs attacks (AC +1).


Message History

Confirm with . or Enter, or press ? or * to list all spells.
Aiming: Sandblast
Press: ? - help, Shift-Dir - straight line, f/p - worker ant
Aim: a worker ant (almost dead)
The rocky blast hits the worker ant.
You kill the worker ant!
Your Unarmed Combat skill increases to level 4!
You feel sick.
You start resting.
You feel sick. x8
You are no longer poisoned.
You start resting.
Magic restored.
You start resting.
You are near starving!
You start resting.
HP restored.
Welcome back, McCoppin the Octopode Earth Elementalist.
Press ? for a list of commands and other information.
Are you sure you want to abandon this character and quit the game? (Confirm with "yes".)

# #.# #..######...### # #.# #..#
##.## # #.# #..# ##.###########
###.# #..# ###............# .##.#
#..# #.....########.# #
.##.###..####.###.## #.# #
.##...........# #..# #.# #
.######.##.#..###..# #.# # .#
#.##.#....@..# #.# # .#
#.##.#.###.#.# #.# #
.######.##.#.###.#.#######.######
........##.#.##..................
######...................########
#.#...#......#.#######
##.#....######.# ##.##.........#
##############


There were no monsters in sight!

Vanquished Creatures
  A worker ant (D:3)
  Robin (D:3)
  4 adders
  2 worms (D:2)
  5 oozes
  An orc (D:3)
  A ball python (D:2)
  3 giant cockroaches (D:2)
  15 goblins
  13 hobgoblins
  3 quokkas (D:2)
  5 bats
  2 giant geckos (D:1)
  3 giant newts
  2 kobolds
  8 rats
69 creatures vanquished.

Notes
Turn   | Place    | Note
--------------------------------------------------------------
     0 | D:1      | McCoppin, the Octopode Earth Elementalist, began the quest for the Orb.
     0 | D:1      | Reached XP level 1. HP: 11/11 MP: 3/3
   405 | D:1      | Reached skill level 1 in Unarmed Combat
   415 | D:1      | Reached XP level 2. HP: 9/17 MP: 5/5
  1665 | D:1      | Reached XP level 3. HP: 21/21 MP: 6/6
  1981 | D:1      | Learned a level 2 spell: Stoneskin
  2176 | D:2      | Reached XP level 4. HP: 21/27 MP: 7/7
  2205 | D:2      | Reached skill level 4 in Stealth
  2538 | D:2      | Found an opulent altar of Gozag.
  3043 | D:2      | Found a shimmering altar of Xom.
  3043 | D:2      | Found a sparkling altar of Nemelex Xobeh.
  3044 | D:2      | Found a basalt altar of Yredelemnul.
  3479 | D:3      | Noticed an air elemental
  3480 | D:3      | Found a stormy altar of Qazlal.
  3481 | D:3      | Noticed Robin
  3528 | D:3      | Reached XP level 5. HP: 17/31 MP: 6/8
  3534 | D:3      | Killed Robin
  3769 | D:3      | Noticed a fire elemental
  3770 | D:3      | Noticed an earth elemental
  3770 | D:3      | Noticed a water elemental
  4353 | D:3      | Upgraded the game from 0.17-a0-488-g0a147b9 to 0.17-a0-627-g5cb7d3e
  4353 | D:3      | Quit the game

Action                   |  1- 3 |  4- 6 || total
-------------------------+-------+-------++-------
Melee: Unarmed           |   113 |    81 ||   194
 Cast: Sandblast         |     3 |    14 ||    17
       Stoneskin         |     1 |     3 ||     4
  Use: Scroll            |       |     4 ||     4
       Potion            |       |     1 ||     1
 Stab: Sleeping          |     8 |     5 ||    13
       Distracted        |     3 |       ||     3
  Eat: Chunk             |     2 |     3 ||     5
       Bread ration      |     1 |       ||     1
